 Dungeon Crawl Stone Soup version 0.19.1 (webtiles) character file.

2072 Gargoyl the Agent of Entropy (level 9, -2/66 HPs)
             Began as a Demonspawn Abyssal Knight on Nov 23, 2016.
             Was a Priest of Lugonu.
             Slain by an ogre
             ... wielding a +0 giant club
              (19 damage)
             ... on level 8 of the Dungeon.
             The game lasted 00:19:59 (9138 turns).

Gargoyl the Agent of Entropy (DsAK)                 Turns: 9138, Time: 00:19:59

Health: -2/66      AC: 20    Str: 20    XL:     9   Next: 5%
Magic:  23/23      EV:  4    Int: 13    God:    Lugonu [***...]
Gold:   346        SH: 16    Dex: 14    Spells: 0 memorised, 8 levels left

rFire  . . .     SeeInvis .     e - +0 war axe
rCold  . . .     Gourm    .     o - +1 chain mail {MR+}
rNeg   . . .     Faith    .     j - +2 large shield
rPois  .         Spirit   .     (no helmet)
rElec  .         Reflect  .     (no cloak)
rCorr  .         Harm     .     (no gloves)
MR     +....                    (no boots)
Stlth  ..........               (no amulet)
                                p - ring of magical power
                                n - +5 ring of strength

@: sanguine armour
A: claws 2, demonic guardian 2, powered by pain 1, sanguine armour 2
a: Depart the Abyss, Bend Space, Banish, Renounce Religion


You were on level 8 of the Dungeon.
You worshipped Lugonu.
Lugonu was most pleased with you.
You were not hungry.

You visited 1 branch of the dungeon, and saw 8 of its levels.
You visited the Abyss 1 time.

You collected 346 gold pieces.

Inventory:

Hand Weapons
 e - a +0 war axe (weapon)
 r - a +0 war axe
Armour
 j - a +2 large shield (worn)
 o - a +1 chain mail of magic resistance (worn)
Jewellery
 n - a +5 ring of strength (left claw)
 p - a ring of magical power (right claw)
Wands
 b - a wand of lightning (7/15)
 h - a wand of slowing (28/48)
 v - a wand of digging (8/24)
Scrolls
 d - 8 scrolls of identify
 l - 3 scrolls of amnesia
 m - a scroll of fear
 x - a scroll of teleportation
Potions
 a - a potion of heal wounds {unknown}
 i - a potion of mutation {unknown}
 q - 2 potions of degeneration
 t - 2 potions of curing {unknown}
 u - a potion of cure mutation {unknown}
 w - a potion of agility {unknown}
Books
 g - a book of Alchemy

   Spells                             Type                      Level
   a - Sublimation of Blood           Necromancy                   2
   b - Ignite Poison                  Fire/Transmutation/Poison    3
   c - Petrify                        Transmutation/Earth          4
   d - Alistair's Intoxication        Transmutation/Poison         5
   e - Irradiate                      Conjuration/Transmutation    5
 y - a book of Geomancy

   Spells                             Type                      Level
   a - Sandblast                      Earth                        1
   b - Passwall                       Transmutation/Earth          2
   c - Stone Arrow                    Conjuration/Earth            3
   d - Petrify                        Transmutation/Earth          4
   e - Lee's Rapid Deconstruction     Earth                        5
Comestibles
 c - 6 bread rations
 f - 2 meat rations
 k - 11 fruits
 s - 2 beef jerkies
 z - a slice of pizza


   Skills:
 + Level 4.5 Fighting
 + Level 5.5 Axes
 * Level 5.9 Armour
 + Level 2.0 Dodging
 + Level 4.5 Shields
 * Level 7.0 Invocations


You had 8 spell levels left.
You didn't know any spells.

Dungeon Overview and Level Annotations

Branches:
Dungeon (8/15)             Temple (0/1) D:4
   Lair: D:8-11

Altars:
Dithmenos
Okawaru
Vehumet
Yredelemnul

Annotations:
D:5 Drunkenshrew's ghost, amateur HEBe


Innate Abilities, Weirdness & Mutations

You have very sharp fingernails.
A demonic guardian rushes to your aid.
You sometimes gain a little power by taking damage.
When seriously injured, your bleeding wounds create thick armour. (AC +9)


Message History

You hit the ogre.
The ogre is heavily wounded.
You block the ogre's attack.
Your chain mail prevents you from hitting the ogre.
The ogre is heavily wounded.
The ogre hits you with a giant club!
You hit the ogre.
The ogre is severely wounded.
You block the ogre's attack.
You hit the ogre.
The ogre is almost dead.
You block the ogre's attack.
Your shield and chain mail prevent you from hitting the ogre.
The ogre is almost dead.
The ogre hits you with a giant club!
* * * LOW HITPOINT WARNING * * *
You barely miss the ogre.
The ogre is almost dead.
The ogre hits you with a giant club!!
You die...

######.###### #.# #.#
#.# # ############ #.#
#.##...........##.######
...............#........
...............#>.......
.......@O......#........
...............#........
....###.#########.######
... #.# #............# .
#.# #............# #.#
#........?...# #.#
#............# #.#
#.......[....# #.#
#.........^..#


You could see an ogre.

Vanquished Creatures
  A wyvern (D:6)
  A human (D:5)
  3 phantoms
  3 ogres
  3 centaurs
  A bullfrog (D:4)
  A scorpion (D:7)
  A howler monkey (D:5)
  A centaur skeleton (D:5)
  3 crimson imps
  3 orc priests
  3 hounds
  A bullfrog skeleton (D:4)
  An iguana (D:8)
  2 orc wizards (D:6)
  6 worker ants
  A killer bee zombie (D:6)
  A hound skeleton (D:4)
  A worker ant zombie (D:5)
  8 gnolls
  8 adders
  2 shadow imps
  2 oozes (D:2)
  A worm (D:3)
  A dart slug (D:2)
  8 leopard geckos
  7 orcs
  A ball python (D:3)
  9 bats
  4 giant cockroaches
  6 goblins
  5 hobgoblins
  13 jackals
  7 kobolds
  3 quokkas
  3 frilled lizards
  A leopard gecko skeleton (D:4)
  A quokka zombie (D:6)
  4 rats
131 creatures vanquished.

Vanquished Creatures (collateral kills)
  A big kobold (D:8)
  A bullfrog (D:7)
  2 gnolls (D:7)
  A goblin (D:3)
  2 jackals (D:7)
  6 kobolds
13 creatures vanquished.

Vanquished Creatures (others)
  An adder zombie (D:5)
1 creature vanquished.

Grand Total: 145 creatures vanquished

Notes
Turn   | Place    | Note
-------+----------+-------------------------------------------
     0 | Abyss:1  | Gargoyl the Demonspawn Abyssal Knight began the quest for the Orb.
     0 | Abyss:1  | Reached XP level 1. HP: 18/18 MP: 2/2
    47 | Abyss:1  | Found a corrupted altar of Lugonu.
   182 | Abyss:4  | Noticed a smoke demon
   182 | D:1      | Escaped the Abyss
   542 | D:1      | Gained mutation: You sometimes gain a little power by taking damage. [demonic ancestry]
   542 | D:1      | Reached XP level 2. HP: 24/24 MP: 3/3
  1406 | D:2      | Reached skill level 1 in Dodging
  1566 | D:2      | Reached skill level 3 in Invocations
  1566 | D:2      | Gained mutation: You have sharp fingernails. [demonic ancestry]
  1566 | D:2      | Reached XP level 3. HP: 18/29 MP: 5/5
  2115 | D:2      | Found a radiant altar of Vehumet.
  2216 | D:2      | Reached XP level 4. HP: 33/35 MP: 6/6
  2246 | D:2      | Reached * piety under Lugonu
  2366 | D:2      | Reached skill level 1 in Shields
  3121 | D:3      | Gained mutation: When seriously injured, your bleeding wounds create armour. (AC +9) [demonic ancestry]
  3121 | D:3      | Reached XP level 5. HP: 38/41 MP: 7/7
  3278 | D:3      | Found an iron altar of Okawaru.
  4169 | D:4      | Reached skill level 4 in Invocations
  4459 | D:4      | Found a staircase to the Ecumenical Temple.
  4552 | D:4      | Reached ** piety under Lugonu
  4725 | D:4      | Gained mutation: You have very sharp fingernails. [demonic ancestry]
  4725 | D:4      | Reached XP level 6. HP: 19/47 MP: 9/9
  5698 | D:5      | Entered Level 5 of the Dungeon
  5762 | D:5      | Gained mutation: When seriously injured, your bleeding wounds create thick armour. (AC +9) [demonic ancestry]
  5762 | D:5      | Reached XP level 7. HP: 34/52 MP: 10/10
  5877 | D:5      | Noticed Drunkenshrew's ghost (amateur HEBe)
  6279 | D:5      | Found Ybleqeka's Armour Emporium.
  6280 | D:5      | Found a runed door.
  6280 | D:5      | Noticed a human
  6285 | D:5      | Found a basalt altar of Yredelemnul.
  6643 | D:6      | Noticed a wyvern
  6655 | D:6      | Killed a wyvern
  6655 | D:6      | Reached skill level 5 in Invocations
  6849 | D:6      | Found a shadowy altar of Dithmenos.
  7084 | D:6      | Gained mutation: A weak demonic guardian rushes to your aid. [demonic ancestry]
  7084 | D:6      | Reached XP level 8. HP: 33/60 MP: 12/12
  7633 | D:5      | Reached skill level 5 in Axes
  7633 | D:5      | Reached skill level 5 in Armour
  7633 | D:5      | Reached skill level 6 in Invocations
  9027 | D:8      | Gained mutation: A demonic guardian rushes to your aid. [demonic ancestry]
  9027 | D:8      | Reached XP level 9. HP: 66/66 MP: 14/14
  9029 | D:8      | Reached *** piety under Lugonu
  9032 | D:8      | Reached skill level 7 in Invocations
  9138 | D:8      | Slain by an ogre

Skill      XL: |  1  2  3  4  5  6  7  8  9 |
---------------+----------------------------+-----
Armour         | 2 3 4 5 |  5.9
Dodging        | 1 2 |  2.0
Axes           | 2 3 4 5 |  5.5
Invocations    | 3 4 5 6 7 |  7.0
Shields        | 1 2 3 4 |  4.5
Fighting       | 4 |  4.5

Action                   |  1- 3 |  4- 6 |  7- 9 || total
-------------------------+-------+-------+-------++-------
Melee: War axe           |   150 |   284 |   361 ||   795
Invok: Depart the Abyss  |     1 |       |       ||     1
Evoke: Wand              |       |     1 |     6 ||     7
  Use: Scroll            |       |    16 |     6 ||    22
       Potion            |       |       |     2 ||     2
  Eat: Chunk             |     4 |    12 |    12 ||    28
Armor: Ring mail         |    91 |    54 |       ||   145
       Leather armour    |     5 |       |       ||     5
       Chain mail        |       |   109 |   185 ||   294
Dodge: Dodged            |    51 |    42 |    48 ||   141
Block: Large shield      |   126 |   223 |   312 ||   661
